 Dungeon Crawl Stone Soup version 0.23.0 (webtiles) character file.

Game seed: 17385112715698536894

10318 Borgoz the Grappler (level 11, -3/99 HPs)
             Began as a Ghoul Gladiator on Feb 16, 2019.
             Slain by a minotaur
             ... wielding a +3 flail
              (13 damage)
             ... in a Gauntlet.
             The game lasted 00:19:24 (7076 turns).

Borgoz the Grappler (Ghoul Gladiator)               Turns: 7076, Time: 00:19:25

Health: -3/99      AC: 18    Str: 24    XL:     11   Next: 60%
Magic:  10/10      EV: 23    Int:  3    God:
Gold:   467        SH:  0    Dex: 20    Spells: 10/10 levels left

rFire    . . .     SeeInvis .     - Unarmed
rCold    + . .     Gourm    .   (no shield)
rNeg     + + +     Faith    .   k - +5 ring mail
rPois    ∞         Spirit   .   b - +0 helmet
rElec    .         Reflect  .   a - +0 cloak
rCorr    .         Harm     .   (no gloves)
MR       .....     NoTele   +   (no boots)
Stlth    ++........             r - amulet of regeneration
HPRegen  0.00/turn              s - +4 ring of protection
MPRegen  0.12/turn              B - +2 ring of dexterity

@: mighty, agile, very slightly contaminated, rotting, invisible
A: rotting body, claws 1, carnivore, cold resistance 1, negative energy
resistance 3, inhibited regeneration, torment resistance, unbreathing
a: no special abilities


You were in a Gauntlet.
You were not hungry.

You visited 1 branch of the dungeon, and saw 11 of its levels.
You also visited: Sewer and Gauntlet.

You collected 764 gold pieces.
You spent 297 gold pieces at shops.

Inventory:

Hand Weapons
 t - a +0 dagger of chaos
Missiles
 v - 4 throwing nets (quivered)
Armour
 a - a +0 cloak (worn)
 b - a +0 helmet (worn)
 k - a +5 ring mail (worn)
 F - a +0 pair of boots of stealth
Jewellery
 i - an uncursed ring of ice
 r - an amulet of regeneration (around neck)
 s - a +4 ring of protection (left claw)
 x - an uncursed ring of flight
 B - a +2 ring of dexterity (right claw)
Wands
 q - a wand of flame (41)
 y - a wand of enslavement (13)
 C - a wand of polymorph (15)
 E - a wand of digging (8)
Scrolls
 g - 10 scrolls of teleportation
 m - a scroll of remove curse
 n - a scroll of enchant weapon
 u - a scroll of fog
 w - a scroll of magic mapping
Potions
 h - 4 potions of haste
 j - 3 potions of brilliance
 l - 5 potions of flight
 p - 2 potions of might
 A - a potion of cancellation
 D - a potion of invisibility
Comestibles
 d - 20 rations


   Skills:
 + Level 10.1 Fighting
 - Level 1.7 Throwing
 + Level 8.1 Armour
 + Level 8.8 Dodging
 + Level 10.4 Unarmed Combat


You had 10 spell levels left.
You didn't know any spells.
Your spell library contained the following spells:

 Spells                   Type           Power        Failure   Level  Hunger
 Animate Skeleton         Necr           N/A          65%         1    ##.....
 Apportation              Tloc           #.....       65%         1    ##.....
 Confusing Touch          Hex            #.....       65%         1    ##.....
 Summon Small Mammal      Summ           #...         65%         1    ##.....
 Sticks to Snakes         Tmut           #.......     80%         2    ###....
 Beastly Appendage        Tmut           Unusable     N/A         1    N/A
 Spider Form              Tmut/Pois      Unusable     N/A         3    N/A
 Ice Form                 Ice/Tmut       Unusable     N/A         4    N/A
 Blade Hands              Tmut           Unusable     N/A         5    N/A

Dungeon Overview and Level Annotations

Branches:
Dungeon (11/15)            Temple (0/1) D:7            Lair (0/6) D:11
    Orc: D:9-12

Altars:
Hepliaklqana
Kikubaaqudgha
Nemelex Xobeh
Qazlal
Ru
Vehumet
Xom
The Shining One

Shops:
D:5 [   D:6 !   D:9 (   D:11 %

Annotations:
D:3 3 runed translucent doors, Monsterracer's ghost, amateur HOAM
D:10 Fannar
D:11 1 runed translucent door Gauntlet 7 transporters, 1 runed translucent door


Innate Abilities, Weirdness & Mutations

Your body is rotting away.
You thrive on raw meat.
You are immune to poison.
You have sharp fingernails.
You are carnivorous and can eat meat at any time.
Your flesh is cold resistant. (rC+)
You are immune to negative energy. (rN+++)
You do not regenerate when monsters are visible.
You are immune to unholy pain and torment.
You can survive without breathing.


Message History

Press: ? - help, Shift-Dir - straight line, f/p - minotaur
Aim: a minotaur, wielding a +3 flail and wearing the +5 plate armour of Hadjma {rN++ Slay+3} (hasn't noticed you)
The puff of flame hits the minotaur.
The minotaur is lightly wounded.
You claw the minotaur!
The minotaur is lightly wounded.
The minotaur hits you with a +3 flail!
* * * LOW HITPOINT WARNING * * *
The minotaur completely misses you.
You scratch the minotaur but do no damage.
The minotaur is lightly wounded.
You scratch the minotaur.
The minotaur is lightly wounded.
The minotaur completely misses you. The minotaur barely misses you.
Your ring mail prevents you from hitting the minotaur.
The minotaur is lightly wounded.
The minotaur hits you with a +3 flail!
* * * LOW HITPOINT WARNING * * *
The minotaur gores you!
You die...

###### ###.##.#
#.....### #.##.##∩#
##.##.##.#
#......#.#
###.##.#.#
###.##.#(###.##.
#......(@H......
#.##.##(##.##.##
#.##.##.##.##
#.....(...... .
##.##.##.##.# .#
###.##.##.##.##.###
#.................
#.♣.♣.©.©.©.©.♣.♣.#
#.................


You could see a minotaur.

Vanquished Creatures
  A hydra (Gauntlet)
  A centaur warrior (D:9)
  A two-headed ogre (D:9)
  2 ugly things (D:11)
  A manticore (D:11)
  A cyclops (D:11)
  Psyche (D:11)
  A gargoyle (D:11)
  A torpor snail (Gauntlet)
  A hornet (D:11)
  4 hippogriffs
  Sigmund (D:5)
  A ynoxinul (Gauntlet)
  A steam dragon (D:9)
  2 swamp worms (Gauntlet)
  2 water moccasins
  4 ice beasts
  3 sky beasts
  An orc warrior (D:11)
  3 ogres
  A necrophage (D:9)
  A centaur (D:7)
  A phantom (D:8)
  A crocodile (D:9)
  2 big kobolds (D:7)
  12 bullfrogs
  3 scorpions
  4 wights (D:7)
  2 howler monkeys
  3 crimson imps
  2 centaur zombies
  A quasit (D:8)
  A bullfrog zombie (D:9)
  3 hounds
  2 iron imps (Gauntlet)
  2 bullfrog skeletons
  2 jellies (D:6)
  7 orc priests
  12 orc wizards
  A gnoll shaman (D:4)
  5 iguanas
  A centaur skeleton (D:7)
  8 worker ants
  A hound skeleton (D:7)
  7 gnolls
  A river rat (D:5)
  11 adders
  4 shadow imps
  2 oozes (D:1)
  An adder skeleton (D:9)
  An adder zombie (D:7)
  3 worms
  2 dart slugs
  9 leopard geckos
  24 orcs
  4 ball pythons
  7 bats
  15 giant cockroaches
  11 goblins
  7 hobgoblins
  9 jackals
  19 kobolds
  3 quokkas
  11 frilled lizards
  A leopard gecko skeleton (D:4)
  11 rats
274 creatures vanquished.

Vanquished Creatures (others)
  An adder skeleton (D:9)
  A demonic plant (Gauntlet)
2 creatures vanquished.

Grand Total: 276 creatures vanquished

Notes
Turn   | Place    | Note
-------+----------+-------------------------------------------
     0 | D:1      | Borgoz the Ghoul Gladiator began the quest for the Orb.
     0 | D:1      | Reached XP level 1. HP: 17/17 MP: 0/0
    44 | D:1      | Reached XP level 2. HP: 22/25 MP: 1/1
   140 | D:1      | Reached XP level 3. HP: 27/30 MP: 2/2
   820 | D:2      | Reached XP level 4. HP: 38/38 MP: 3/3
   842 | D:2      | Found a faded altar of an unknown god.
   897 | D:2      | Found a radiant altar of Vehumet.
  1005 | D:2      | Reached skill level 1 in Armour
  1092 | D:2      | Found a sparkling altar of Nemelex Xobeh.
  1229 | D:2      | Found a hazy altar of Hepliaklqana.
  1302 | D:3      | Noticed a water moccasin
  1310 | D:3      | Found a runed translucent gate.
  1310 | D:3      | Found a runed translucent gate.
  1311 | D:3      | Found a runed translucent gate.
  1313 | D:3      | Noticed Monsterracer's ghost (amateur HOAM)
  1331 | D:3      | Reached XP level 5. HP: 44/45 MP: 4/4
  1568 | D:3      | Killed a water moccasin
  1568 | D:3      | Reached XP level 6. HP: 52/52 MP: 5/5
  1587 | D:3      | Found a glowing golden altar of the Shining One.
  1614 | D:3      | Reached skill level 5 in Unarmed Combat
  1937 | D:4      | Reached XP level 7. HP: 23/60 MP: 6/6
  2306 | D:5      | Entered Level 5 of the Dungeon
  2361 | D:5      | Found a glowing drain.
  2366 | Sewer    | Entered a sewer
  2602 | Sewer    | Reached skill level 5 in Fighting
  2649 | D:5      | Found a stormy altar of Qazlal.
  2744 | D:5      | Found Hiebb's Armour Emporium.
  2772 | D:5      | Found a shimmering altar of Xom.
  2786 | D:5      | Noticed Sigmund
  2810 | D:5      | Killed Sigmund
  2810 | D:5      | Reached XP level 8. HP: 43/68 MP: 7/7
  3048 | D:5      | Found an ancient bone altar of Kikubaaqudgha.
  3330 | D:6      | Reached skill level 5 in Dodging
  3649 | D:6      | Found Jelaak's Distillery.
  3661 | D:6      | Bought a potion of heal wounds for 55 gold pieces
  3661 | D:6      | Bought a potion of heal wounds for 55 gold pieces
  3661 | D:6      | Bought a potion of curing for 33 gold pieces
  3661 | D:6      | Bought a potion of haste for 110 gold pieces
  3661 | D:6      | Bought a potion of agility for 44 gold pieces
  4009 | D:7      | Reached XP level 9. HP: 78/78 MP: 8/8
  4056 | D:7      | Found a sacrificial altar of Ru.
  4206 | D:7      | Reached skill level 5 in Armour
  4243 | D:7      | Found a staircase to the Ecumenical Temple.
  4557 | D:7      | Got a twisted robe
  4899 | D:8      | Reached XP level 10. HP: 75/88 MP: 9/9
  5391 | D:9      | Found Paecw's Weapon Boutique.
  5444 | D:9      | Identified the +2 robe of the Shining Light {*Slow rC+
                  | Stlth+} (You found it on level 7 of the Dungeon)
  5650 | D:9      | Noticed a two-headed ogre
  5674 | D:9      | Killed a two-headed ogre
  5727 | D:9      | Noticed a centaur warrior
  5741 | D:9      | Killed a centaur warrior
  6189 | D:10     | Entered Level 10 of the Dungeon
  6294 | D:10     | Noticed Fannar
  6324 | D:11     | Found a runed translucent door.
  6340 | D:11     | Noticed a red ugly thing
  6356 | D:11     | Killed a red ugly thing
  6356 | D:11     | Reached XP level 11. HP: 63/97 MP: 10/10
  6407 | D:11     | Found Kerrudi's Food Emporium.
  6413 | D:11     | Noticed Psyche
  6422 | D:11     | Killed Psyche
  6487 | D:11     | Found a staircase to the Lair.
  6593 | D:11     | Noticed a white ugly thing
  6607 | D:11     | Killed a white ugly thing
  6621 | D:11     | Noticed a manticore
  6634 | D:11     | Reached skill level 10 in Unarmed Combat
  6638 | D:11     | Killed a manticore
  6640 | D:11     | Noticed a cyclops
  6653 | D:11     | Killed a cyclops
  6670 | D:11     | Found a gate leading to a gauntlet.
  6690 | Gauntlet | Entered a Gauntlet
  6690 | Gauntlet | Found a transporter.
  6699 | Gauntlet | Found a transporter.
  6701 | Gauntlet | Found a transporter.
  6710 | Gauntlet | Found a transporter.
  6712 | Gauntlet | Found a transporter.
  6714 | Gauntlet | Noticed an eight-headed hydra
  6721 | Gauntlet | Found a transporter.
  6739 | Gauntlet | Found a transporter.
  6747 | Gauntlet | Found a runed translucent door.
  6750 | Gauntlet | Found a transporter.
  6758 | Gauntlet | Noticed a cacodemon
  6759 | Gauntlet | Found a transporter.
  6769 | Gauntlet | Noticed a sea snake
  6773 | Gauntlet | Noticed a glowing orange brain
  6773 | Gauntlet | a sea snake changed into a glowing orange brain
  6774 | Gauntlet | Found a transporter.
  6774 | Gauntlet | Noticed a manticore
  6774 | Gauntlet | a glowing orange brain changed into a manticore
  6776 | Gauntlet | a manticore changed into a water nymph
  6785 | Gauntlet | Noticed a death drake
  6785 | Gauntlet | a swamp worm changed into a death drake
  6788 | Gauntlet | Found a transporter.
  6789 | Gauntlet | Found a transporter.
  6899 | Gauntlet | Noticed a hell hog
  6900 | Gauntlet | Found a transporter.
  6907 | Gauntlet | Reached skill level 10 in Fighting
  6977 | Gauntlet | Killed an eight-headed hydra
  7027 | Gauntlet | Identified the +5 plate armour of Hadjma {rN++ Slay+3}
  7027 | Gauntlet | Noticed a minotaur
  7076 | Gauntlet | Slain by a minotaur

Skill      XL: |  1  2  3  4  5  6  7  8  9 10 11 |
---------------+----------------------------------+-----
Dodging        | 3 4 5 6 8 |  8.8
Fighting       | 3 4 5 6 7 9 10 | 10.1
Unarmed Combat | 4 5 7 8 9 10 | 10.4
Armour         | 1 2 3 4 6 7 8 |  8.1
Throwing       | |  1.7

Action                   |  1- 3 |  4- 6 |  7- 9 | 10-12 || total
-------------------------+-------+-------+-------+-------++-------
Melee: Unarmed           |    85 |   213 |   480 |   334 ||  1112
       Punch             |     2 |     3 |    17 |    16 ||    38
Throw: Throwing net      |       |     3 |       |     3 ||     6
Evoke: Wand              |       |       |       |     7 ||     7
  Use: Scroll            |       |     4 |     6 |    10 ||    20
       Potion            |       |       |     1 |    18 ||    19
 Stab: Paralysed         |       |       |     1 |       ||     1
  Eat: Chunk             |     4 |    11 |    19 |    39 ||    73
Armor: Leather armour    |    11 |       |       |       ||    11
       Ring mail         |    18 |    63 |   179 |   133 ||   393
Dodge: Dodged            |    54 |   129 |   274 |   271 ||   728
